 Dungeon Crawl Stone Soup version 0.21-a0-331-gfb491b4 (webtiles) character file.

6082 RKaid the Spear-Bearer (level 10, -18/93 HPs)
             Began as a Black Draconian Chaos Knight on Oct 2, 2017.
             Demolished by an enormous slime creature (57 damage)
             ... on level 10 of the Dungeon on Oct 3, 2017.
             The game lasted 00:46:28 (11612 turns).

RKaid the Spear-Bearer (DrCK)                      Turns: 11612, Time: 00:46:33

Health: -18/93     AC: 10    Str: 12 (14) XL:     10   Next: 58%
Magic:  10/10      EV: 13    Int: 14 (17) God:    Xom [*.....]
Gold:   662        SH:  0    Dex:  7 (8)  Spells: 9/9 levels left

rFire    + . .     SeeInvis .   E - +2 quarterstaff (drain)
rCold    + . .     Gourm    .   (shield currently unavailable)
rNeg     . . .     Faith    .   (armour unavailable)
rPois    +         Spirit   .   (helmet restricted)
rElec    +         Reflect  .   n - scarf {rC+ rF+}
rCorr    .         Harm     .   r - +1 pair of gloves
MR       .....                  z - +0 pair of boots
Stlth    ++++......             (no amulet)
HPRegen  0.25/turn              d - ring of stealth {Stlth+}
MPRegen  0.12/turn              y - ring of stealth {Stlth+}

@: confused
A: breathe lightning, unfitting armour, talons 1, camouflage 1, blink, blurry
vision 1, clumsy 1, deterioration 2, poison resistance, screaming 1, electricity
resistance, no potion heal 1, cold-blooded, AC +7
a: Breathe Lightning, Blink, Renounce Religion


You were on level 10 of the Dungeon.
You worshipped Xom.
You were a special plaything of Xom.
You were not hungry.

You visited 1 branch of the dungeon, and saw 10 of its levels.

You collected 662 gold pieces.

Inventory:

Hand Weapons
 a - a +1 spear of chaos
 b - a +2 hunting sling of freezing
   (You took it off a goblin on level 4 of the Dungeon)
 E - a +2 quarterstaff of draining (weapon)
   (Xom gifted it to you on level 9 of the Dungeon)
Missiles
 g - 240 stones (quivered)
 l - 53 sling bullets
Armour
 n - a scarf of resistance (worn)
   (You found it on level 2 of the Dungeon)
 r - a +1 pair of gloves (worn)
   (You found it on level 7 of the Dungeon)
 z - a +0 pair of boots (worn)
   (You found it on level 4 of the Dungeon)
 B - a +0 buckler
   (You found it on level 6 of the Dungeon)
Jewellery
 d - a ring of stealth (left hand) {Stlth+}
   (You found it on level 1 of the Dungeon)
 y - a ring of stealth (right hand) {Stlth+}
   (You found it on level 4 of the Dungeon)
Wands
 f - a wand of paralysis (11/24)
   (You found it on level 5 of the Dungeon)
 p - a wand of lightning (7/15)
   (You found it on level 5 of the Dungeon)
Scrolls
 c - 3 scrolls of recharging
 i - 6 scrolls of identify
 j - 2 scrolls of magic mapping {!r}
 m - a scroll of enchant weapon
 o - 3 scrolls of remove curse
 s - 5 scrolls of teleportation
 t - 2 scrolls of amnesia
Potions
 e - 2 potions of heal wounds
 h - a potion of berserk rage {!q}
 k - 3 potions of haste
 u - a potion of lignification {!q}
 v - a potion of cancellation {unknown}
 w - 4 potions of curing
 A - 2 potions of agility {unknown}
 C - 3 potions of flight
 D - a potion of mutation {unknown}
 H - a potion of magic {unknown}
Comestibles
 q - 7 meat rations
 x - 6 bread rations
 F - 9 chunks of flesh
 G - 4 fruits


   Skills:
 + Level 9.8 Fighting
 - Level 12.0 Polearms
 + Level 0.9(7.8) Staves
 + Level 5.1 Dodging
 - Level 4.1 Shields


You had 9 spell levels left.
You didn't know any spells.

Dungeon Overview and Level Annotations

Branches:
Dungeon (10/15)            Temple (0/1) D:6            Lair (0/6) D:9
    Orc: D:9-12

Altars:
Kikubaaqudgha
Xom

Shops:
D:5 %   D:9 ?

Annotations:
D:6 exclusion: centaur
D:8 kroki's ghost, journeyman GnFi


Innate Abilities, Weirdness & Mutations

You can breathe wild blasts of lightning.
Your glossy black scales are hard. (AC +7)
You cannot fit into any form of body armour.
You are resistant to electric shocks. (rElec)
You are cold-blooded and may be slowed by cold attacks.
You have sharp toenails.
Your skin changes colour to match your surroundings (Stealth+).
You can translocate small distances at will.
Scrolls take you a little longer to read.
You are clumsy. (Dex -2)
Your body often deteriorates upon taking damage.
Your system is resistant to poisons. (rPois)
You occasionally shout uncontrollably at your foes.
Potions are less effective at restoring your health.


Message History

a leather armour; a tomahawk; an orc corpse You butcher the orc corpse.
F - 15 chunks of flesh (gained 3)
Things that are here:
a leather armour; a tomahawk
Things that are here:
a leather armour; a tomahawk
Found a stone staircase leading up.
An iguana comes into view.
An iguana is nearby!
The helpless iguana fails to defend itself.
You hit the iguana but do no damage. The iguana misses you.
You hit the iguana but do no damage. You drain the iguana!
The iguana barely misses you.
You closely miss the iguana. The iguana bites you!
Some of the chunks of flesh in your inventory have rotted away.
You hit the iguana. You drain the iguana! The iguana completely misses you.
You barely miss the iguana.
You tail-slap the iguana, but do no damage.
The iguana bites you but does no damage.
You hit the iguana but do no damage.
Your tail-slap misses the iguana.
The iguana closely misses you.
You thump the iguana!
You kill the iguana!
No target in view!
No target in view!
You butcher the iguana corpse.
F - 13 chunks of flesh (gained 1)
You see here an iguana skeleton. x2
Some of the chunks of flesh in your inventory have rotted away.
q - 7 meat rations (gained 1)
Found a stone staircase leading down.
A worker ant comes into view.
The helpless worker ant fails to defend itself.
You sock the worker ant!
You kill the worker ant!
No target in view!
No target in view!
No target in view!
You butcher the worker ant corpse.
F - 9 chunks of flesh (gained 2)
You now have 662 gold pieces (gained 20). 2 slime creatures come into view.
There are monsters nearby!
A slime creature comes into view.
The slime creature quivers. x2
You sock the slime creature! You drain the slime creature!
A slime creature comes into view.
The slime creature quivers.
You sock the slime creature! You drain the slime creature!
The slime creature barely misses you.
Two slime creatures merge to form a large slime creature. x2
You hit the large slime creature. "Fight to survive, mortal."
You barely miss the large slime creature.
The ufetubus misses you. The ufetubus hits you.
You hit the large slime creature.
You drain the large slime creature! "Go forth and destroy!"
Your system partially rejects the healing.
You feel better.
The shadow imp grins evilly.
The hellwing closely misses you.
The hellwing hits you but does no damage.
The ufetubus barely misses you. The ufetubus misses you.
The large slime creature barely misses you.
Two slime creatures merge to form an enormous slime creature.
You hit the enormous slime creature. The ufetubus closely misses you.
The ufetubus hits you.
The hellwing hits you but does no damage.
The hellwing closely misses you.
You sock the enormous slime creature!
Xom's power touches on your mind for a moment.
You are confused.
The hellwing looks rather confused.
The hellwing misses something.
The hellwing hits something!
Your system partially rejects the healing.
You feel better.
The hellwing hits something.
The hellwing closely misses something.
The enormous slime creature barely misses you.
You hit the iron imp. "Heh heh heh..."
You are confused.
The hellwing hits the ufetubus.
The ufetubus is killed!
The iron imp barely misses you.
The enormous slime creature barely misses you.
You closely miss the iron imp. The enormous slime creature hits you!!!
Your body deteriorates!
You feel clumsy. The iron imp closely misses you.
You bump into the rock wall.
The hellwing seems less confused.
The enormous slime creature misses you.
The iron imp hits you but does no damage.
Unknown command.
You hit the hellwing but do no damage. The hellwing hits you!
Your body deteriorates!
You feel dopey.
The hellwing hits you but does no damage.
The enormous slime creature hits you!!!
Ouch! That really hurt!
You die...
Xom cackles wildly!

#.#.## #####.....
#......... #.#####.##
#######.#####.##
#..........##.##
##.#.##..##......
####.###4.#.##..##.##.#.
#.....J@#...##........#.
#.##.###55####.###.##.#.
#......# #.##.# ########
#....> ####.# .#


You could see an enormous slime creature, a hellwing, an iron imp and a shadow
imp.

Vanquished Creatures
  A blink frog (D:9)
  A hippogriff (D:8)
  A wyvern (D:10)
  3 yaks (D:9)
  A hungry ghost (D:7)
  A water moccasin (D:3)
  A swamp drake (D:7)
  3 orc warriors
  3 ice beasts
  A black bear (shapeshifter) (D:8)
  A sky beast (D:6)
  7 ogres
  An eye of draining (D:10)
  3 centaurs
  A wolf (D:9)
  A crocodile (D:9)
  4 big kobolds (D:6)
  6 bullfrogs
  6 scorpions
  4 killer bees
  3 wights (D:6)
  4 electric eels
  2 howler monkeys
  2 crimson imps
  A bullfrog zombie (D:7)
  2 jellies
  A quasit (D:9)
  5 hounds
  2 orc priests
  2 bullfrog skeletons
  A centaur skeleton (D:7)
  Terence (D:2)
  8 iguanas
  4 orc wizards
  7 worker ants
  3 hound skeletons
  A worker ant zombie (D:8)
  2 howler monkey skeletons
  3 gnolls (D:6)
  9 adders
  A shadow imp (D:9)
  An adder zombie (D:8)
  A worm (D:3)
  7 dart slugs
  5 leopard geckos
  13 orcs
  3 ball pythons
  6 giant cockroaches
  17 goblins
  6 hobgoblins
  9 jackals
  7 quokkas
  9 bats
  4 frilled lizards
  52 kobolds
  A leopard gecko skeleton (D:9)
  A leopard gecko zombie (D:7)
  A quokka zombie (D:7)
  6 rats
263 creatures vanquished.

Vanquished Creatures (collateral kills)
  2 yaks (D:9)
  4 wolves
  3 hounds (D:9)
  5 kobolds (D:6)
14 creatures vanquished.

Vanquished Creatures (others)
  A human (D:5)
  A worker ant (D:10)
  An orc (D:7)
  2 jackals
5 creatures vanquished.

Grand Total: 282 creatures vanquished

Notes
Turn   | Place    | Note
-------+----------+-------------------------------------------
     0 | D:1      | RKaid the Draconian Chaos Knight began the quest for the Orb.
     0 | D:1      | Reached XP level 1. HP: 19/19 MP: 1/1
    16 | D:1      | XOM: potion effect (might)
    83 | D:1      | Reached XP level 2. HP: 26/26 MP: 2/2
   326 | D:1      | Reached XP level 3. HP: 30/31 MP: 3/3
   625 | D:2      | XOM: noise
   628 | D:2      | Noticed Terence
   649 | D:2      | XOM: give mutations
   649 | D:2      | Gained mutation: You are weak. (Str -2) [Xom's mischief]
   649 | D:2      | Gained mutation: You are dopey. (Int -2) [Xom's mischief]
   653 | D:2      | XOM: butterfly on damage
   959 | D:2      | Reached skill level 4 in Polearms
  1017 | D:2      | Killed Terence
  1017 | D:2      | Reached skill level 4 in Fighting
  1017 | D:2      | Reached XP level 4. HP: 36/40 MP: 4/4
  1141 | D:2      | Found a snail-covered altar of Cheibriados.
  1156 | D:2      | Found a glowing golden altar of the Shining One.
  1156 | D:2      | Found a shattered altar of Ashenzari.
  1159 | D:2      | Found a shimmering altar of Xom.
  1159 | D:2      | Found a shimmering altar of Xom.
  1159 | D:2      | Found a glowing silver altar of Zin.
  1326 | D:2      | XOM: silly message
  1369 | D:2      | XOM: silly message
  1587 | D:3      | Reached skill level 3 in Dodging
  1671 | D:3      | Reached XP level 5. HP: 44/46 MP: 5/5
  2058 | D:4      | Reached skill level 5 in Polearms
  2083 | D:4      | Noticed a wolf
  2083 | D:4      | a worker ant changed into a wolf
  2093 | D:4      | HP: 11/47 [wolf (2)]
  2094 | D:4      | XOM: confuse monster(s)
  2099 | D:4      | XOM: summons 5 friendly demons
  2103 | D:4      | Killed a wolf
  2103 | D:4      | Reached XP level 6. HP: 28/53 MP: 6/6
  2173 | D:3      | XOM: noise
  2175 | D:3      | Noticed a water moccasin
  2175 | D:3      | an ogre changed into a water moccasin
  2175 | D:3      | XOM: polymorph ogre -> water moccasin
  2180 | D:3      | HP: 12/53 [water moccasin (10)]
  2183 | D:3      | Killed a water moccasin
  2185 | D:3      | HP: 11/82 [poisoned by a water moccasin]
  2429 | D:3      | Reached skill level 5 in Fighting
  3161 | D:5      | Entered Level 5 of the Dungeon
  3171 | D:5      | Reached skill level 6 in Polearms
  3268 | D:5      | Your scales start taking on a glossy black colour.
  3268 | D:5      | Reached XP level 7. HP: 61/61 MP: 7/7
  3268 | D:5      | Gained mutation: You are resistant to electric shocks. (rElec) [Black Draconian growth]
  3352 | D:5      | Reached skill level 4 in Dodging
  3695 | D:5      | Found Plog's Food Shoppe.
  3743 | D:5      | Found an ancient bone altar of Kikubaaqudgha.
  3743 | D:5      | Noticed a human
  3746 | D:5      | Killed a human
  4093 | D:5      | XOM: mild Tmut miscast
  4164 | D:5      | Reached skill level 7 in Polearms
  4461 | D:6      | XOM: mild Pois miscast
  4553 | D:6      | XOM: noise
  4632 | D:6      | Found the +27 Lear's hauberk
  4657 | D:6      | XOM: harmless Tloc miscast
  4659 | D:6      | XOM: 2-stop teleportation journey
  4781 | D:6      | XOM: fog
  4809 | D:6      | XOM: noise
  4812 | D:6      | Reached skill level 6 in Fighting
  4812 | D:6      | Reached XP level 8. HP: 47/70 MP: 8/8
  5051 | D:6      | XOM: blink monster(s)
  5123 | D:6      | Reached skill level 1 in Shields
  5141 | D:6      | XOM: cleaving
  5165 | D:6      | XOM: 4-stop teleportation journey
  5183 | D:6      | Reached skill level 5 in Dodging
  5212 | D:6      | XOM: cast spell 'Death Channel'
  5233 | D:6      | Reached skill level 8 in Polearms
  5233 | D:6      | Reached skill level 2 in Shields
  5413 | D:6      | Found a staircase to the Ecumenical Temple.
  5418 | D:6      | XOM: scenery: 1 doors close
  5550 | D:6      | XOM: 7-stop teleportation journey
  5556 | D:6      | XOM: divination: magic mapping
  5710 | D:5      | XOM: harmless Chrm miscast
  5993 | D:6      | XOM: chaos upgrade
  6012 | D:6      | XOM: chaos upgrade
  6016 | D:6      | XOM: blink monster(s)
  6044 | D:6      | XOM: medium Necr miscast
  6045 | D:6      | HP: 16/71 [shadow[the severe capriciousness of Xom] (5)]
  6046 | D:6      | XOM: enchant monster (bad)
  6050 | D:6      | HP: 15/71 [poisoned by a water moccasin]
  6279 | D:6      | XOM: give mutations
  6279 | D:6      | Gained mutation: Your body sometimes deteriorates upon taking damage. [Xom's mischief]
  6279 | D:6      | Gained mutation: Potions are less effective at restoring your health. [Xom's mischief]
  6279 | D:6      | Lost mutation: You are dopey. (Int -2) [Xom's mischief]
  6295 | D:6      | XOM: give mutation
  6295 | D:6      | Gained mutation: Your body often deteriorates upon taking damage. [Xom's mischief]
  6528 | D:6      | XOM: summons friendly quasit
  6534 | D:6      | XOM: mild Conj miscast
  6544 | D:6      | Reached skill level 7 in Fighting
  6556 | D:6      | Reached skill level 3 in Shields
  6744 | D:6      | XOM: harmless Tmut miscast
  6746 | D:6      | XOM: summons friendly iron imp
  7088 | D:7      | Reached XP level 9. HP: 79/79 MP: 9/9
  7231 | D:7      | Identified the +2 flail of Limocih {flame, +Rage rElec Str+3 Int-4} (You found it on level 7 of the Dungeon)
  7242 | D:7      | XOM: enchant monster (bad)
  7313 | D:7      | Reached skill level 9 in Polearms
  7339 | D:7      | XOM: mild Pois miscast
  7428 | D:7      | XOM: harmless Fire miscast
  7446 | D:7      | XOM: polymorph orc wizard -> swamp drake
  7464 | D:7      | XOM: destruction
  7468 | D:7      | XOM: mild Hex miscast
  7472 | D:7      | XOM: summons 5 friendly demons
  7845 | D:7      | XOM: harmless Tmut miscast
  7851 | D:7      | XOM: give mutations
  7851 | D:7      | Gained mutation: You are clumsy. (Dex -2) [Xom's mischief]
  7851 | D:7      | Gained mutation: You occasionally shout uncontrollably at your foes. [Xom's mischief]
  7851 | D:7      | Gained mutation: Scrolls take you a little longer to read. [Xom's mischief]
  7867 | D:7      | Reached skill level 4 in Shields
  8014 | D:8      | XOM: 1-stop teleportation journey
  8023 | D:8      | XOM: blink monster(s)
  8047 | D:8      | XOM: smoke on damage
  8111 | D:8      | XOM: harmless Erth miscast
  8368 | D:8      | Reached skill level 8 in Fighting
  8414 | D:8      | XOM: cast spell 'Shadow Creatures'
  8422 | D:8      | XOM: swap monsters
  8427 | D:8      | Reached skill level 10 in Polearms
  8438 | D:8      | XOM: medium Hex miscast
  8442 | D:8      | XOM: divination: magic mapping
  8533 | D:7      | XOM: divination: detect creatures
  8782 | D:8      | Noticed kroki's ghost (journeyman GnFi)
  9035 | D:7      | XOM: harmless Conj miscast
  9119 | D:8      | XOM: silly message
  9366 | D:8      | XOM: confuse monster(s)
  9385 | D:8      | XOM: confuse monster(s)
  9401 | D:8      | XOM: divination: magic mapping
  9429 | D:7      | XOM: noise
  9516 | D:8      | XOM: harmless Fire miscast
  9621 | D:9      | Reached XP level 10. HP: 75/90 MP: 10/10
  9648 | D:9      | XOM: give mutations
  9648 | D:9      | Lost mutation: You are weak. (Str -2) [Xom's grace]
  9648 | D:9      | Gained mutation: You have sharp toenails. [Xom's grace]
  9648 | D:9      | Gained mutation: Your skin changes colour to match your surroundings (Stealth+). [Xom's grace]
 10165 | D:9      | XOM: confuse monster(s)
 10174 | D:9      | Reached skill level 9 in Fighting
 10174 | D:9      | Reached skill level 11 in Polearms
 10185 | D:9      | XOM: summons 10 friendly demons
 10318 | D:9      | Found a staircase to the Lair.
 10360 | D:9      | XOM: 1-stop teleportation journey
 10423 | D:9      | XOM: torment (42/91 hp)
 10523 | D:9      | XOM: enchant monster (good)
 10550 | D:9      | Found Wyatziy's Magic Scroll Boutique.
 10559 | D:9      | XOM: polymorph troll -> blink frog
 10775 | D:9      | XOM: god gift: runed quarterstaff {god gift}
 10869 | D:9      | XOM: give mutations
 10869 | D:9      | Gained mutation: Your system is resistant to poisons. (rPois) [Xom's grace]
 10869 | D:9      | Gained mutation: You can translocate small distances at will. [Xom's grace]
 10993 | D:9      | RKaid: !greaterplayer .
 10993 | D:9      | beem: Unwon backgrounds for RKaid: Air Elementalist, Arcane Marksman, Artificer, Chaos Knight, Enchanter, Fire Elementalist, Skald, Summoner, Venom Mage, Warper
 10993 | D:9      | RKaid: !greatplayer .
 10993 | D:9      | beem: Unwon species for RKaid: Demigod, Draconian, Felid, Ghoul, Gnoll, Halfling, Human, Kobold, Naga, Octopode, Ogre, Spriggan, Tengu, Vampire, Vine Stalker
 11130 | D:10     | Entered Level 10 of the Dungeon
 11151 | D:10     | XOM: silly message
 11324 | D:10     | Reached skill level 12 in Polearms
 11336 | D:10     | XOM: harmless Chrm miscast
 11603 | D:10     | XOM: summons 5 hostile demons
 11605 | D:10     | XOM: potion effect (curing)
 11607 | D:10     | XOM: confusion (+ monsters)
 11609 | D:10     | XOM: confusion
 11612 | D:10     | Demolished by an enormous slime creature

Vault maps used:
D:1:      nicolae_arrival_memento_mori
D:2:      doesnt_xom_only_xom, uniq_terence
D:3:      first_bread
D:4:      serial_co_window_serial, co_window_paths_a, co_window_corner_a,
          co_window_corner_a, co_window_paths_b, co_window_of_opportunity_a,
          co_window_corner_a, co_window_of_opportunity_a, co_window_broadway_c,
          co_window_broadway_b, co_window_corner_b, glass_columns_b,
          glass_columns_a, glass_columns_a, hangedman_abyss_or_decor_stagger,
          minmay_ogre_servants
D:5:      serial_shops, nicolae_shop_behind_doors, kennysheep_big_empty_room,
          tgw_kikubaaqudgha
D:6:      minmay_goblin_kobold_castle, minmay_temple_entry_glass,
          kb_lookout_dungeons_type, minmay_bent
D:9:      erik_lair_island, serial_shops, nicolae_shop_waterfront
D:10:     hangedman_little_slice_of_home

Skill      XL: |  1  2  3  4  5  6  7  8  9 10 |
---------------+-------------------------------+-----
Polearms       | 4 5 6 7 8 10 12 | 12.0
Fighting       | 4 5 6 7 8 9 |  9.8
Dodging        | 3 4 5 |  5.1
Shields        | 3 4 |  4.1
Staves         | |  0.9

Action                   |  1- 3 |  4- 6 |  7- 9 | 10-12 || total
-------------------------+-------+-------+-------+-------++-------
Melee: Spear             |   156 |   177 |   719 |   192 ||  1244
       Tailslap          |    15 |     3 |    58 |    21 ||    97
       Quarterstaff      |       |       |       |    44 ||    44
 Fire: Hunting sling     |       |     6 |    59 |    21 ||    86
 Abil: Breathe Lightning |       |       |       |     1 ||     1
  Use: Potion            |       |     3 |     1 |     1 ||     5
       Scroll            |       |     9 |    11 |     1 ||    21
 Stab: Sleeping          |     1 |     5 |    10 |     6 ||    22
       Paralysed         |     9 |     1 |    17 |     3 ||    30
       Petrified         |     1 |       |    10 |     1 ||    12
       Confused          |       |       |     2 |     2 ||     4
       Distracted        |       |       |     1 |     1 ||     2
  Eat: Chunk             |       |     6 |    11 |     4 ||    21
       Royal jelly       |       |     1 |     1 |     1 ||     3
       Fruit             |       |       |     8 |       ||     8
       Bread ration      |       |       |     1 |       ||     1
       Meat ration       |       |       |     1 |       ||     1
Armor: Skin              |    45 |    39 |   174 |    49 ||   307
Dodge: Dodged            |    73 |    85 |   252 |    80 ||   490
Block: Buckler           |       |       |    63 |    22 ||    85

Table legend:
 A = Spawn XP
 B = Non-spawn XP
 C = Spawn XP percentage of total XP
 D = Spawn monster count
 E = Non-spawn monster count
 F = Spawn count percentage of total count
 G = Total turns spent on level
                    A         B        C        D         E        F      G
               +---------+---------+-------+---------+---------+-------+---------
         Total |       0 |    8689 |   0.0 |       0 |     280 |   0.0 | 11612
               +---------+---------+-------+---------+---------+-------+---------
           D:1 |       0 |      58 |   0.0 |       0 |      29 |   0.0 |   742
           D:2 |       0 |     114 |   0.0 |       0 |      24 |   0.0 |   834
           D:3 |       0 |     217 |   0.0 |       0 |      23 |   0.0 |   820
           D:4 |       0 |     259 |   0.0 |       0 |      10 |   0.0 |   781
           D:5 |       0 |     653 |   0.0 |       0 |      12 |   0.0 |  1377
           D:6 |       0 |    1481 |   0.0 |       0 |      69 |   0.0 |  2503
           D:7 |       0 |    1212 |   0.0 |       0 |      31 |   0.0 |  1628
           D:8 |       0 |    1452 |   0.0 |       0 |      27 |   0.0 |   944
           D:9 |       0 |    2291 |   0.0 |       0 |      37 |   0.0 |  1501
          D:10 |       0 |     952 |   0.0 |       0 |      18 |   0.0 |   482
               +---------+---------+-------+---------+---------+-------+---------

Table legend:
 A = Turns spent in this place as a percentage of turns spent in the entire game.
 B = Non-inter-level travel turns spent in this place as a percentage of non-inter-level travel turns spent in the entire game.
 C = Inter-level travel turns spent in this place as a percentage of turns spent in this place.
 D = Turns resting spent in this place as a percentage of non-inter-level travel turns spent in this place.
 E = Turns spent auto-exploring this place as a percentage of non-inter-level travel turns spent in this place.
 F = Non-inter-level travel turns spent in this place divided by the number of levels of this place that you've seen.
                   A       B       C       D       E      F
               +-------+-------+-------+-------+-------+----------------------
         Total | 100.0 | 100.0 |   3.0 |  30.2 |  37.0 | 1126.0
       Dungeon | 100.0 | 100.0 |   3.0 |  30.2 |  37.0 | 1126.0
               +-------+-------+-------+-------+-------+----------------------

Table legend:
 A = Kills in this place as a percentage of kills in entire the game.
 B = Kills by you in this place as a percentage of kills by you in the entire game.
 C = Kills by friends in this place as a percentage of kills by friends in the entire game.
 D = Other kills in this place as a percentage of other kills in the entire game.
 E = Experience gained in this place as a percentage of experience gained in the entire game.
 F = Experience gained in this place divided by the number of levels of this place that you have seen.
                   A       B       C       D       E      F
               +-------+-------+-------+-------+-------+----------------------
         Total | 100.0 | 100.0 | 100.0 | 100.0 | 100.0 | 868.9
       Dungeon | 100.0 | 100.0 | 100.0 | 100.0 | 100.0 | 868.9
               +-------+-------+-------+-------+-------+----------------------
